 Dungeon Crawl Stone Soup version 0.27-a0-906-g0a00ce863d (webtiles) character file.

Game seed: 17304978588254910777

95 srzhan31 the Magician (level 4, -3/33 HPs)
             Began as a Djinni Warper on Apr 7, 2021.
             Slain by a quokka (5 damage)
             ... on level 3 of the Dungeon.
             The game lasted 00:04:56 (3212 turns).

srzhan31 the Magician (Djinni Warper)               Turns: 3212, Time: 00:04:56

Health: -3/33      AC:  3    Str: 10    XL:     4   Next: 65%
Gold:   71         EV: 12    Int: 16    God:
                   SH:  0    Dex: 12

rFire    + + .     SeeInvis .     - Unarmed
rCold    x . .     Faith    .   (no shield)
rNeg     . . .     Spirit   .   a - +0 leather armour
rPois    ∞         Reflect  .   (no helmet)
rElec    .         Harm     .   (no cloak)
rCorr    .         Rampage  .   (no gloves)
Will     .....                  (boots unavailable)
Stlth    +.........             (no amulet)
HPRegen  0.11/turn              (no ring)
MPRegen  0.00/turn              (no ring)

@: flying
A: fire resistance 2, cold vulnerability 1, float, innate caster, hp casting,
extra vitality 1
a: no special abilities


You were on level 3 of the Dungeon.
You visited 1 branch of the dungeon, and saw 3 of its levels.

You collected 71 gold pieces.

Inventory:

Missiles
 g - 50 stones
 k - 2 boomerangs
Armour
 a - a +0 leather armour (worn)
Scrolls
 b - a scroll of summoning {unknown}
 c - a scroll of blinking
 e - a scroll of amnesia {unknown}
 f - a scroll of noise {unknown}
 h - 2 scrolls of immolation {unknown}
 j - a scroll of enchant armour {unknown}
 l - a scroll of enchant weapon {unknown}
 m - a scroll of identify {unknown}
Potions
 d - 2 potions of lignification {unknown}
 i - a potion of attraction {unknown}


   Skills:
 - Level 2.0 Fighting
 - Level 0.7 Throwing
 + Level 1.8 Armour
 + Level 2.4 Dodging
 - Level 0.3 Stealth
 + Level 2.6 Unarmed Combat
 * Level 3.8 Spellcasting


You couldn't memorise any spells.
You knew the following spells:

 Your Spells              Type           Power      Damage    Failure   Level
a - Blink                 Tloc           N/A        N/A       7%          2
b - Lesser Beckoning      Tloc           7%         N/A       14%         3
c - Gell's Gravitas       Tloc           7%         N/A       14%         3
d - Teleport Other        Tloc           15%        N/A       14%         3
e - Manifold Assault      Tloc           15%        N/A       78%         5
f - Shock                 Conj/Air       60%        1d6       4%          1
Your spell library was empty.

Dungeon Overview and Level Annotations

Branches:
Dungeon (3/15)

Altars:


Innate Abilities, Weirdness & Mutations

You are immune to poison.
Your flesh is very heat resistant. (rF++)
You are vulnerable to cold. (rC-)
You float through the air rather than walking.
You learn spells naturally, not from books.
Your magical power is your life essence.
You have superior vitality. (+4 HP)


Message History

Aim: an ice beast (moderately wounded, 29% to evade)
The zap hits the ice beast.
The ice beast is heavily wounded.
The ice beast hits you. The ice beast freezes you!
You feel a terrible chill!
Casting: Shock (safe; 4% risk of failure)
Confirm with . or Enter, or press ? or * to list all spells.
You blink.
* * * LOW HITPOINT WARNING * * *
A quokka comes into view.
Unknown command.
Aiming: Shock (safe; 4% risk of failure)
Press: ? - help, Q - select action, (/) - cycle Shift-Dir - straight line, f/p - ice beast
Aim: an ice beast (heavily wounded, 29% to evade)
The zap misses the ice beast.
* * * LOW HITPOINT WARNING * * *
Unknown command.
Casting: Shock (safe; 4% risk of failure)
Confirm with . or Enter, or press ? or * to list all spells.
You blink.
* * * LOW HITPOINT WARNING * * *
Aiming: Shock (safe; 4% risk of failure)
Press: ? - help, Q - select action, (/) - cycle Shift-Dir - straight line, f/p - ice beast
Aim: an ice beast (heavily wounded, 29% to evade)
The zap hits the ice beast.
The ice beast is heavily wounded.
* * * LOW HITPOINT WARNING * * *
Aiming: Shock (safe; 4% risk of failure)
Press: ? - help, Q - select action, (/) - cycle Shift-Dir - straight line, f/p - ice beast
Aim: an ice beast (heavily wounded, 29% to evade)
The zap hits the ice beast but does no damage.
The ice beast is heavily wounded.
* * * LOW HITPOINT WARNING * * *
The quokka bites you.
* * * LOW HITPOINT WARNING * * *
You don't have enough health to cast this spell.
Unknown command.
Unknown command.
The quokka closely misses you. The quokka bites you.
You die...

..#...
.........#####
#.#
.#...........#
....
.............#
#.#..#
.#.##........#
.# .#
#...........#
# #
...#........#
...#........#
.....>..rY..#
.##..@....#
.......######
...##.. # #..
#.. #.. #..
#..


You could see an ice beast and a quokka.

Vanquished Creatures
  A jelly (D:2)
  An adder (D:3)
  2 worms (D:2)
  2 dart slugs
  An endoplasm (D:2)
  4 giant cockroaches
  5 goblins
  3 hobgoblins
  2 jackals (D:1)
  8 kobolds
  2 quokkas
  5 bats (D:1)
  2 frilled lizards
  6 rats (D:2)
44 creatures vanquished.

Vanquished Creatures (others)
  5 fungi (D:1)
5 creatures vanquished.

Grand Total: 49 creatures vanquished

Notes
Turn   | Place    | Note
-------+----------+-------------------------------------------
     0 | D:1      | srzhan31 the Djinni Warper began the quest for the Orb.
     0 | D:1      | Reached XP level 1. HP: 18/18 MP: 0/0
     0 | D:1      | Noticed an ogre
     1 | D:1      | Noticed a minotaur zombie
     5 | D:1      | Noticed an ogre
     8 | D:1      | Noticed an octopode
    11 | D:1      | Noticed a vine stalker
    13 | D:1      | Noticed a draconian
    15 | D:1      | Noticed a human
   234 | D:1      | Reached skill level 3 in Spellcasting
   238 | D:1      | Reached XP level 2. HP: 5/23 MP: 0/0
  1303 | D:1      | Reached XP level 3. HP: 27/28 MP: 0/0
  1303 | D:1      | Learned a level 1 spell: Shock
  1406 | D:1      | Found a faded altar of an unknown god.
  2621 | D:2      | Reached XP level 4. HP: 18/33 MP: 0/0
  3198 | D:3      | Noticed an ice beast
  3209 | D:3      | HP: 1/33 [quokka (3)]
  3212 | D:3      | Slain by a quokka

Illustrated notes

Levels and vault maps discovered:
D:1:      shiori_arrival_whats_in_store_for_you, layout_rooms,
          shapermc_ecumenical_altar_hornbeckon, kennysheep_pointless_box
D:2:      layout_basic
D:3:      layout_basic, lemuel_coloured_pillars_altar, serial_shops, shop,
          patterned_corridor

Skill      XL: |  1 |
---------------+----+-----
Spellcasting   | 3 |  3.8
Fighting       | |  2.0
Throwing       | |  0.7
Armour         | |  1.8
Dodging        | |  2.4
Stealth        | |  0.3
Unarmed Combat | |  2.6

Action                   |  1- 3 |  4- 6 || total
-------------------------+-------+-------++-------
Melee: Unarmed           |    99 |       ||    99
Throw: Boomerang         |     5 |       ||     5
 Cast: Blink             |     2 |     2 ||     4
       Shock             |    52 |    25 ||    77
 Stab: Sleeping          |     1 |       ||     1
Armor: Leather armour    |    53 |       ||    53
Dodge: Dodged            |    78 |     2 ||    80

Table legend: (Time is in decaauts)
 A = Elapsed time spent in this place.
 B = Non-inter-level travel time spent in this place.
 C = Inter-level travel time spent in this place.
 D = Time resting spent in this place.
 E = Time spent auto-exploring this place.
 F = Levels seen in this place.
 G = Mean time per level.
                   A        B        C        D        E       F      G
               +--------+--------+--------+--------+--------+-----+--------+
         Total |   3208 |   3150 |     58 |      0 |   2797 |   3 | 1069.3 |
       Dungeon |   3208 |   3150 |     58 |      0 |   2797 |   3 | 1069.3 |
               +--------+--------+--------+--------+--------+-----+--------+

Top non-repeatable levels by time:
     D:2: 1527 daAuts
     D:1: 1447 daAuts
     D:3: 233 daAuts
